 Dungeon Crawl Stone Soup version 0.21.1-1-g345015f (webtiles) character file.

70 Goblin1989 the Vexing (level 4, 0/30 HPs)
             Began as a Vampire Enchanter on Feb 22, 2018.
             Succumbed to Robin's poison
             ... on level 2 of the Dungeon.
             The game lasted 00:04:44 (1646 turns).

Goblin1989 the Vexing (Vampire Enchanter)           Turns: 1646, Time: 00:04:45

Health: 0/30       AC:  2    Str:  9 (12) XL:     4   Next: 4%
Magic:  7/7        EV: 12    Int: 19 (22) God:
Gold:   99         SH:  0    Dex: 14 (15) Spells: 6/7 levels left

rFire    . . .     SeeInvis +   a - +1 dagger
rCold    . . .     Gourm    .   (no shield)
rNeg     . . .     Faith    .   b - +0 robe
rPois    .         Spirit   .   (no helmet)
rElec    .         Reflect  .   (no cloak)
rCorr    .         Harm     .   (no gloves)
MR       .....                  (no boots)
Stlth    +++.......             (no amulet)
HPRegen  0.30/turn              (no ring)
MPRegen  0.10/turn              (no ring)

@: mighty, brilliant, lethally poisoned (0 -> -2), regenerating quickly
A: fangs 3, see invisible, unbreathing
a: no special abilities


You were on level 2 of the Dungeon.
You were very full.

You visited 1 branch of the dungeon, and saw 2 of its levels.

You collected 99 gold pieces.

Inventory:

Hand Weapons
 a - a +1 dagger (weapon)
 z - a +0 whip of venom
Armour
 b - a +0 robe (worn)
 A - a +0 helmet
Scrolls
 r - 3 scrolls of noise {unknown}
 s - a scroll of blinking {unknown}
 t - a scroll of identify {unknown}
 u - 2 scrolls of amnesia {unknown}
 v - a scroll of enchant weapon {unknown}
 y - a scroll of enchant armour {unknown}
Potions
 q - 9 potions of blood {@q4}
 w - a potion of might
Books
 c - a book of Maledictions

   Spells                             Type                      Level
   a - Corona                         Hexes                        1
   b - Ensorcelled Hibernation        Hexes/Ice                    2
   c - Confuse                        Hexes                        3
   d - Tukima's Dance                 Hexes                        3
   e - Dazzling Spray                 Conjuration/Hexes            3


   Skills:
 * Level 2.9 Short Blades
 - Level 2.1 Dodging
 + Level 5.1 Stealth
 + Level 2.4 Spellcasting
 + Level 5.1 Hexes


You had 6 spell levels left.
You knew the following spells:

 Your Spells              Type           Power        Failure   Level  Hunger
a - Corona                Hex            ####...      1%          1    #......


Dungeon Overview and Level Annotations

Branches:
Dungeon (2/15)

Altars:


Innate Abilities, Weirdness & Mutations

Your natural rate of healing is unusually fast.
You have razor-sharp teeth.
You have supernaturally acute eyesight. (SInv)
You can survive without breathing.


Message History

You hit Robin.
Robin is heavily wounded.
You feel sick.
Robin says, "My goblins will feast on your bones."
Robin hits you with a whip of venom!
You take 7 damage, and have 12/24 hp.
MASSIVE DAMAGE!!
You are too injured to fight recklessly!
You are too injured to fight recklessly!
You are too injured to fight recklessly!
You are too injured to fight recklessly!
You are too injured to fight recklessly!
You are too injured to fight recklessly!
You are too injured to fight recklessly!
You are too injured to fight recklessly!
You are too injured to fight recklessly!
You are too injured to fight recklessly!
You are too injured to fight recklessly!
You are too injured to fight recklessly!
You are too injured to fight recklessly!
You are too injured to fight recklessly!
You are too injured to fight recklessly!
You are too injured to fight recklessly!
You are too injured to fight recklessly!
You are too injured to fight recklessly!
You are too injured to fight recklessly!
You are too injured to fight recklessly!
You are too injured to fight recklessly!
You are too injured to fight recklessly!
You are too injured to fight recklessly!
Unknown command.
You closely miss Robin.
Robin is heavily wounded.
You feel sick. Robin misses you.
You take 1 damage, and have 11/24 hp.
You hit Robin but do no damage.
Robin is heavily wounded.
Robin hits you but does no damage.
You are lethally poisoned!
You hit Robin.
Robin is heavily wounded.
* * * LOW HITPOINT WARNING * * *
You feel sick.
Robin flexes a bicep menacingly.
Robin barely misses you.
You take 2 damage, and have 9/24 hp.
* * * LOW HITPOINT WARNING * * *
You feel sick.
You see here a dagger.
* * * LOW HITPOINT WARNING * * *
You feel sick.
You see here a club.
You take 1 damage, and have 8/24 hp.
* * * LOW HITPOINT WARNING * * *
You feel sick.
The hobgoblin no longer looks unusually strong.
You take 2 damage, and have 6/24 hp.
* * * LOW HITPOINT WARNING * * *
You feel sick.
* * * LOW HITPOINT WARNING * * *
You feel sick.
Robin roars a battlecry!
The hobgoblin goes into a battle-frenzy!
You take 1 damage, and have 5/24 hp.
It was a potion of might.
You feel very mighty all of a sudden.
* * * LOW HITPOINT WARNING * * *
You feel sick.
You take 1 damage, and have 4/24 hp.
Unknown command.
You puncture Robin!
You kill Robin!
You have reached level 4!
The hobgoblin throws a stone.
The stone hits you.
* * * LOW HITPOINT WARNING * * *
You take 1 damage, and have 3/30 hp.
MP restored: 7 Unknown command.
It was a potion of brilliance.
You feel clever all of a sudden.
* * * LOW HITPOINT WARNING * * *
You feel sick.
The hobgoblin throws a stone.
The stone barely misses you.
It was a potion of degeneration.
There was something very wrong with that liquid.
You feel weakened.
You feel dopey.
You feel clumsy.
* * * LOW HITPOINT WARNING * * *
You feel sick.
The hobgoblin throws a stone.
The stone closely misses you.
You take 1 damage, and have 2/30 hp.
Unknown command.
* * * LOW HITPOINT WARNING * * *
You feel sick.
The hobgoblin throws a stone.
The stone closely misses you.
Things that are here:
a whip of venom; an animal skin; a helmet You take 1 damage, and have 1/30 hp.
z - a whip of venom;
A - a helmet
* * * LOW HITPOINT WARNING * * *
You feel sick.
The hobgoblin throws a stone.
The stone barely misses you. The hobgoblin closely misses you.
You hit the hobgoblin.
You kill the hobgoblin!
You die... █.█...█.█ █.█ ██.█.█.█.█ █.█ ...█.█.█.█ ███████.█ ████.█.█.█ ...g.g..█ .......█.█ .g......█ ██████<█.█ .g......█ .......█)█ ███████)█

.....█.█.█████████████.█
.....█.█..(..)([@))...(█
.....█.████████████████████
...%.█..........█ █.. ..█ █
.....▲...███....█ █.█████.█.█
.....███.█......███.█..<█.█.█
.....▲ .........▲..........>█
.....███.█......███.█.███.███
.....÷...█......███.█.███.█
█...................█.....█


There were no monsters in sight!

Vanquished Creatures
  Robin (D:2)
  An ooze (D:1)
  An adder skeleton (D:2)
  2 dart slugs (D:1)
  3 leopard geckos (D:1)
  3 giant cockroaches
  5 hobgoblins
  4 bats
  A frilled lizard (D:1)
  15 goblins
  A kobold (D:1)
  4 rats (D:1)
41 creatures vanquished.

Notes
Turn   | Place    | Note
-------+----------+-------------------------------------------
     0 | D:1      | Goblin1989 the Vampire Enchanter began the quest for the Orb.
     0 | D:1      | Reached XP level 1. HP: 13/13 MP: 3/3
   202 | D:1      | Reached XP level 2. HP: 19/19 MP: 5/5
   586 | D:1      | Reached XP level 3. HP: 3/24 MP: 6/6
  1388 | D:2      | Noticed Robin
  1389 | D:2      | Reached skill level 5 in Hexes
  1537 | D:2      | Reached skill level 5 in Stealth
  1640 | D:2      | Killed Robin
  1640 | D:2      | Reached XP level 4. HP: 5/30 MP: 7/7
  1643 | D:2      | HP: 1/30 [poisoned by Robin]
  1646 | D:2      | Succumbed to Robin's poison

Skill      XL: |  1  2  3 |
---------------+----------+-----
Short Blades   | 2 |  2.9
Hexes          | 5 |  5.1
Stealth        | 5 |  5.1
Dodging        | |  2.1
Spellcasting   | |  2.4

Action                   |  1- 3 |  4- 6 || total
-------------------------+-------+-------++-------
Melee: Dagger            |   120 |     1 ||   121
       Bite              |     6 |       ||     6
  Use: Potion            |    11 |     2 ||    13
 Stab: Sleeping          |    14 |       ||    14
Armor: Robe              |    17 |       ||    17
Dodge: Dodged            |    54 |     5 ||    59

Vault maps used:
D:1:      scummos_arrival_simple_fountains, minmay_box_of_dots
D:2:      uniq_robin
